Connexion

NEW YORK Rangers vs OTTAWA Senators (R4)

Created - 26 octobre 2023 at 05:53

Goals
1 2 3 T
NEW YORK Rangers 0 0 1 1
OTTAWA Senators 2 1 1 4
Shots
1 2 3 T
NEW YORK Rangers 4 9 9 22
OTTAWA Senators 8 9 3 20

GoalsPenalties
1st period
1. OTTAWA Senators , Alex Tuch 7 (John Tavares 16, Steven Stamkos 13) at 10:59 (PP)
2. OTTAWA Senators , John Tavares 13 (Alex Tuch 21, Charlie McAvoy 17) at 14:37
John Moore (NYR) for Holding (Minor) at 4:12
Zach Hyman (NYR) for Holding (Minor) at 10:24
Cody Goloubef (NYR) for Interference (Minor) at 15:13
Peyton Krebs (OTT) for Hooking (Minor) at 17:38
2nd period
3. OTTAWA Senators , Cale Makar 8 (Alex Tuch 22, Evan Bouchard 12) at 2:37 (PP)
Logan Stanley (NYR) for Roughing (Minor) at 2:13
Robert Thomas (OTT) for Hooking (Minor) at 2:44
3rd period
4. NEW YORK Rangers , Tyler Ennis 4 (Ty Dellandrea 1, Cody Goloubef 9) at 4:57
5. OTTAWA Senators , Alex Tuch 8 (Evan Bouchard 13, Charlie McAvoy 18) at 16:14
Barrett Hayton (OTT) for Roughing (Minor) at 0:58
Travis Konecny (NYR) for Tripping (Minor) at 0:58
Cale Makar (OTT) for Interference (Minor) at 14:38
Kieffer Bellows (NYR) for Hooking (Minor) at 14:38
Goalie Stats
Malcolm Subban (NYR), 16 saves from 20 shots - (0,800), L, 10-5-1, 60:00 minutes
Filip Gustavsson (OTT), 21 saves from 22 shots - (0,955), W, 2-4-0, 60:00 minutes
3 StarsOfficial
1 - Alex Tuch (OTT)
2 - Charlie McAvoy (OTT)
3 - John Tavares (OTT)
Referees : Tim Peel and Chris Rooney
Linesman : Don Henderson and Steve Miller
Game Note
No Game Note
Finance
Level 1 -- Attendance: 6000 (100,00%) -- Ticket Income 750 000 $
Level 2 -- Attendance: 5656 (91,92%) -- Ticket Income 367 640 $
Level 3 -- Attendance: 2000 (100,00%) -- Ticket Income 100 000 $
Level 4 -- Attendance: 3040 (76,00%) -- Ticket Income 121 600 $
Luxury Box -- Attendance: 1000 (100,00%) -- Ticket Income 240 000 $
Game was played at the Scotiabank Place.
Total Attendance: 17696 (92,39%)
Total Ticket Income: 1 579 240 $
Other Income: 315 848 $
Total Income: 1 895 088 $



Team Name Goals Shots Shots Attemp Shots Blocked PIM HIT PP PK FO%
NEW YORK Rangers 122421112130 / 2 (0%)252%
OTTAWA Senators 4204748212 / 4 (50%)048%

NEW YORK Rangers
Player Name POS G A P +/- PIM HIT SHT SB MP PP MP PP SHT PK MP PK SHT FO% FOT
Cody GoloubefD0111221017:040:0000:0000% 0
Jakob ChychrunD000-2001123:422:2112:4200% 0
Jesse PuljujarviRW0000022010:200:0000:0000% 0
John MooreD0000201117:591:3701:0200% 0
Jon MerrillD0000000019:131:3702:1500% 0
Kieffer BellowsLW0000201010:360:0000:1710% 0
Logan CoutureC/LW0000011020:001:3703:250100% 1
Logan StanleyD0001231018:170:0001:1300% 0
Nolan PatrickC0000001217:211:3710:00052% 23
Ryan StromeC/RW000-2003019:312:2110:0000% 0
Taylor HallC/LW000-2001122:452:2103:14050% 18
Torey KrugD000-2011623:422:2102:4200% 0
Travis KonecnyC/LW/RW000-1200018:502:2101:29063% 16
Trevor MooreC/LW/RW0000003010:200:0000:00038% 8
Ty DellandreaC011102108:140:0000:00050% 6
Tyler EnnisC/LW101101107:110:0000:0000% 0
Vasili PodkolzinRW000100007:110:0000:0000% 1
Zach HymanC/LW/RW0000213018:431:3731:2900% 0
OTTAWA Senators
Player Name POS G A P +/- PIM HIT SHT SB MP PP MP PP SHT PK MP PK SHT FO% FOT
Adrian KempeC/LW/RW0000024015:221:4510:000100% 1
Alex TuchC/RW2242013023:143:1212:3400% 0
Antoine RousselLW/RW000002007:130:0000:0000% 0
Barrett HaytonC/LW000-1211011:230:0000:000100% 1
Cale MakarD1010233123:503:2922:0200% 0
Charlie McAvoyD0222050022:083:0502:0200% 0
Evan BouchardD0220000216:580:2400:0000% 0
Filip ChytilC000-1000011:240:0000:00046% 13
John TavaresC1122003023:143:1202:34037% 30
Josh NorrisC0000010013:410:0000:04064% 14
Martin NecasC/RW0000001018:051:4501:20067% 9
Peyton KrebsC/LW000020107:120:0000:00025% 4
Robert ThomasC/RW000-1210013:081:4500:0000% 0
Steven StamkosC/LW/RW0111000020:523:1201:2400% 0
Theodor NiederbachC/RW000000007:130:0000:0000% 1
Travis SanheimD0000011022:211:2801:5600% 0
Wyatt KaiserD000-1042015:290:0000:0000% 0
Zach WerenskiD0001001119:131:2801:5600% 0



Play-by-Play

1st period


0:01 of 1st period - Travis Konecny wins face-off versus John Tavares in neutral zone.
0:26 of 1st period - Shot by Alex Tuch.
0:26 of 1st period - Deflect By John Tavares.
0:26 of 1st period - Stopped by Malcolm Subban without a rebound.
0:27 of 1st period - Josh Norris wins face-off versus Nolan Patrick in NEW YORK Rangers zone.
0:31 of 1st period - Icing by John Moore.
0:32 of 1st period - Nolan Patrick wins face-off versus Filip Chytil in NEW YORK Rangers zone.
0:45 of 1st period - Shot by Zach Hyman.
0:45 of 1st period - Shot Misses the Net.
0:47 of 1st period - Shot by Logan Couture.
0:47 of 1st period - Shot Misses the Net.
0:49 of 1st period - Shot by Jon Merrill.
0:49 of 1st period - Shot Misses the Net.
1:32 of 1st period - Icing by Zach Hyman.
1:33 of 1st period - Josh Norris wins face-off versus Nolan Patrick in NEW YORK Rangers zone.
1:34 of 1st period - Shot by Adrian Kempe.
1:34 of 1st period - Stopped by Malcolm Subban without a rebound.
1:35 of 1st period - Josh Norris wins face-off versus Trevor Moore in NEW YORK Rangers zone.
1:40 of 1st period - Shot by Adrian Kempe.
1:40 of 1st period - Stopped by Malcolm Subban without a rebound.
1:41 of 1st period - Josh Norris wins face-off versus Trevor Moore in NEW YORK Rangers zone.
1:45 of 1st period - Icing by Cody Goloubef.
1:46 of 1st period - Trevor Moore wins face-off versus Josh Norris in NEW YORK Rangers zone.
1:57 of 1st period - Trevor Moore is hit by Charlie McAvoy and loses puck.
2:12 of 1st period - Shot by Jesse Puljujarvi.
2:12 of 1st period - Shot Misses the Net.
2:14 of 1st period - Shot by Kieffer Bellows.
2:14 of 1st period - Shot Misses the Net.
2:41 of 1st period - Off-side.
2:42 of 1st period - John Tavares wins face-off versus Travis Konecny in neutral zone.
2:55 of 1st period - Shot by John Tavares.
2:55 of 1st period - Shot Blocked by Taylor Hall.
2:57 of 1st period - Shot by Alex Tuch.
2:57 of 1st period - Shot Misses the Net.
2:59 of 1st period - Shot by Alex Tuch.
2:59 of 1st period - Shot Misses the Net.
4:12 of 1st period - Minor Penalty to John Moore for Holding.
4:13 of 1st period - Martin Necas wins face-off versus Taylor Hall in NEW YORK Rangers zone.
4:48 of 1st period - Shot by Kieffer Bellows.
4:48 of 1st period - Stopped by Filip Gustavsson without a rebound.
4:49 of 1st period - Travis Konecny wins face-off versus John Tavares in OTTAWA Senators zone.
4:52 of 1st period - Shot by Zach Hyman.
4:52 of 1st period - Shot Misses the Net.
5:19 of 1st period - Shot by Jakob Chychrun.
5:19 of 1st period - Shot Blocked by Zach Werenski.
5:53 of 1st period - Shot by Martin Necas.
5:53 of 1st period - Shot Misses the Net.
5:55 of 1st period - Shot by Charlie McAvoy.
5:55 of 1st period - Shot Misses the Net.
7:48 of 1st period - Steven Stamkos is hit by Cody Goloubef and loses puck.
7:56 of 1st period - John Tavares is hit by Logan Stanley and loses puck.
8:05 of 1st period - Shot by Alex Tuch.
8:05 of 1st period - Stopped by Malcolm Subban without a rebound.
8:06 of 1st period - Josh Norris wins face-off versus Nolan Patrick in NEW YORK Rangers zone.
8:10 of 1st period - Icing by Jakob Chychrun.
8:11 of 1st period - Nolan Patrick wins face-off versus Josh Norris in NEW YORK Rangers zone.
8:36 of 1st period - Shot by Logan Couture.
8:36 of 1st period - Shot Blocked by Cale Makar.
8:38 of 1st period - Shot by Logan Couture.
8:38 of 1st period - Stopped by Filip Gustavsson without a rebound.
8:39 of 1st period - Travis Konecny wins face-off versus John Tavares in OTTAWA Senators zone.
9:59 of 1st period - Shot by Martin Necas.
9:59 of 1st period - Shot Misses the Net.
10:01 of 1st period - Shot by Josh Norris.
10:01 of 1st period - Shot Blocked by Nolan Patrick.
10:24 of 1st period - Minor Penalty to Zach Hyman for Holding.
10:25 of 1st period - John Tavares wins face-off versus Taylor Hall in NEW YORK Rangers zone.
10:41 of 1st period - Icing by Charlie McAvoy.
10:42 of 1st period - Taylor Hall wins face-off versus John Tavares in OTTAWA Senators zone.
10:59 of 1st period - Shot by John Tavares.
10:59 of 1st period - Deflect By Alex Tuch.
10:59 of 1st period - Goal by Alex Tuch - NEW YORK Rangers : 0 - OTTAWA Senators : 1.
11:00 of 1st period - Filip Chytil wins face-off versus Ty Dellandrea in neutral zone.
11:08 of 1st period - Filip Chytil is hit by Cody Goloubef and loses puck.
11:35 of 1st period - Shot by Robert Thomas.
11:35 of 1st period - Shot Misses the Net.
11:52 of 1st period - Icing by Ty Dellandrea.
11:53 of 1st period - Ty Dellandrea wins face-off versus John Tavares in NEW YORK Rangers zone.
12:34 of 1st period - Shot by Steven Stamkos.
12:34 of 1st period - Shot Misses the Net.
13:01 of 1st period - Icing by Travis Sanheim.
13:02 of 1st period - Josh Norris wins face-off versus Nolan Patrick in OTTAWA Senators zone.
13:49 of 1st period - Icing by Jon Merrill.
13:50 of 1st period - John Tavares wins face-off versus Nolan Patrick in NEW YORK Rangers zone.
14:09 of 1st period - Icing by Charlie McAvoy.
14:10 of 1st period - John Tavares wins face-off versus Travis Konecny in OTTAWA Senators zone.
14:35 of 1st period - Shot by Alex Tuch.
14:35 of 1st period - Shot Blocked by Jakob Chychrun.
14:37 of 1st period - Shot by John Tavares.
14:37 of 1st period - Goal by John Tavares - NEW YORK Rangers : 0 - OTTAWA Senators : 2.
14:38 of 1st period - Filip Chytil wins face-off versus Trevor Moore in neutral zone.
14:40 of 1st period - Evan Bouchard is hit by Logan Stanley and loses puck.
14:44 of 1st period - Icing by Trevor Moore.
14:45 of 1st period - Filip Chytil wins face-off versus Trevor Moore in NEW YORK Rangers zone.
15:13 of 1st period - Minor Penalty to Cody Goloubef for Interference.
15:14 of 1st period - John Tavares wins face-off versus Taylor Hall in NEW YORK Rangers zone.
15:31 of 1st period - Shot by John Tavares.
15:31 of 1st period - Shot Blocked by Torey Krug.
15:33 of 1st period - Shot by Steven Stamkos.
15:33 of 1st period - Shot Blocked by Torey Krug.
15:35 of 1st period - Shot by Cale Makar.
15:35 of 1st period - Stopped by Malcolm Subban without a rebound.
15:36 of 1st period - Martin Necas wins face-off versus Taylor Hall in NEW YORK Rangers zone.
16:03 of 1st period - Shot by Travis Sanheim.
16:03 of 1st period - Shot Blocked by Torey Krug.
16:05 of 1st period - Shot by Adrian Kempe.
16:05 of 1st period - Stopped by Malcolm Subban without a rebound.
16:06 of 1st period - Taylor Hall wins face-off versus John Tavares in NEW YORK Rangers zone.
16:45 of 1st period - Shot by Zach Hyman.
16:45 of 1st period - Shot Misses the Net.
16:47 of 1st period - Shot by Zach Hyman.
16:47 of 1st period - Shot Misses the Net.
16:49 of 1st period - Shot by Travis Konecny.
16:49 of 1st period - Shot Misses the Net.
17:18 of 1st period - Ty Dellandrea is hit by Wyatt Kaiser and loses puck.
17:34 of 1st period - Wyatt Kaiser is hit by Tyler Ennis and loses puck.
17:38 of 1st period - Minor Penalty to Peyton Krebs for Hooking.
17:39 of 1st period - Taylor Hall wins face-off versus John Tavares in OTTAWA Senators zone.
17:54 of 1st period - Shot by Ryan Strome.
17:54 of 1st period - Stopped by Filip Gustavsson without a rebound.
17:55 of 1st period - Nolan Patrick wins face-off versus John Tavares in OTTAWA Senators zone.
18:16 of 1st period - Shot by Zach Hyman.
18:16 of 1st period - Stopped by Filip Gustavsson without a rebound.
18:17 of 1st period - Martin Necas wins face-off versus Taylor Hall in OTTAWA Senators zone.
18:44 of 1st period - Torey Krug is hit by Travis Sanheim.
19:46 of 1st period - Trevor Moore is hit by Wyatt Kaiser and loses puck.
Goals for this period are 0 for NEW YORK Rangers vs 2 for OTTAWA Senators.
Shots for this period are 4 for NEW YORK Rangers vs 8 for OTTAWA Senators.

2nd period


0:01 of 2nd period - Travis Konecny wins face-off versus John Tavares in neutral zone.
0:31 of 2nd period - Taylor Hall is hit by Cale Makar and loses puck.
1:01 of 2nd period - Icing by John Moore.
1:02 of 2nd period - Nolan Patrick wins face-off versus Josh Norris in NEW YORK Rangers zone.
1:02 of 2nd period - John Moore is hit by Adrian Kempe.
1:55 of 2nd period - Trevor Moore is hit by Charlie McAvoy and loses puck.
2:13 of 2nd period - Minor Penalty to Logan Stanley for Roughing.
2:14 of 2nd period - Taylor Hall wins face-off versus John Tavares in NEW YORK Rangers zone.
2:35 of 2nd period - Shot by Alex Tuch.
2:35 of 2nd period - Shot Blocked by Torey Krug.
2:37 of 2nd period - Shot by Cale Makar.
2:37 of 2nd period - Goal by Cale Makar - NEW YORK Rangers : 0 - OTTAWA Senators : 3.
2:38 of 2nd period - Trevor Moore wins face-off versus Filip Chytil in neutral zone.
2:44 of 2nd period - Minor Penalty to Robert Thomas for Hooking.
2:45 of 2nd period - Taylor Hall wins face-off versus John Tavares in OTTAWA Senators zone.
3:29 of 2nd period - Shot by Jakob Chychrun.
3:29 of 2nd period - Stopped by Filip Gustavsson without a rebound.
3:30 of 2nd period - Martin Necas wins face-off versus Nolan Patrick in OTTAWA Senators zone.
3:47 of 2nd period - Shot by Nolan Patrick.
3:47 of 2nd period - Stopped by Filip Gustavsson without a rebound.
3:48 of 2nd period - Martin Necas wins face-off versus Nolan Patrick in OTTAWA Senators zone.
4:15 of 2nd period - Shot by John Moore.
4:15 of 2nd period - Deflect By Zach Hyman.
4:15 of 2nd period - Stopped by Filip Gustavsson with a rebound.
4:17 of 2nd period - Shot by Zach Hyman.
4:17 of 2nd period - Stopped by Filip Gustavsson without a rebound.
4:18 of 2nd period - Taylor Hall wins face-off versus John Tavares in OTTAWA Senators zone.
4:58 of 2nd period - Adrian Kempe is hit by Jesse Puljujarvi and loses puck.
5:25 of 2nd period - Shot by Trevor Moore.
5:25 of 2nd period - Stopped by Filip Gustavsson without a rebound.
5:26 of 2nd period - Barrett Hayton wins face-off versus Travis Konecny in OTTAWA Senators zone.
5:33 of 2nd period - Shot by Robert Thomas.
5:33 of 2nd period - Shot Misses the Net.
5:55 of 2nd period - Shot by Robert Thomas.
5:55 of 2nd period - Shot Misses the Net.
6:36 of 2nd period - Shot by Alex Tuch.
6:36 of 2nd period - Shot Blocked by Torey Krug.
6:38 of 2nd period - Shot by Zach Werenski.
6:38 of 2nd period - Shot Misses the Net.
6:40 of 2nd period - Shot by John Tavares.
6:40 of 2nd period - Stopped by Malcolm Subban without a rebound.
6:41 of 2nd period - Josh Norris wins face-off versus Nolan Patrick in NEW YORK Rangers zone.
7:43 of 2nd period - Tyler Ennis is hit by Cale Makar and loses puck.
8:07 of 2nd period - Icing by Cody Goloubef.
8:08 of 2nd period - Filip Chytil wins face-off versus Ty Dellandrea in NEW YORK Rangers zone.
8:13 of 2nd period - Shot by Zach Werenski.
8:13 of 2nd period - Stopped by Malcolm Subban with a rebound.
8:19 of 2nd period - Charlie McAvoy is hit by Ty Dellandrea and loses puck.
8:50 of 2nd period - Shot by Kieffer Bellows.
8:50 of 2nd period - Shot Misses the Net.
8:52 of 2nd period - Shot by Jesse Puljujarvi.
8:52 of 2nd period - Stopped by Filip Gustavsson without a rebound.
8:53 of 2nd period - John Tavares wins face-off versus Travis Konecny in OTTAWA Senators zone.
10:09 of 2nd period - Shot by Adrian Kempe.
10:09 of 2nd period - Shot Misses the Net.
10:11 of 2nd period - Shot by Josh Norris.
10:11 of 2nd period - Shot Blocked by John Moore.
10:13 of 2nd period - Shot by Martin Necas.
10:13 of 2nd period - Stopped by Malcolm Subban without a rebound.
10:14 of 2nd period - Nolan Patrick wins face-off versus Filip Chytil in NEW YORK Rangers zone.
10:14 of 2nd period - Nolan Patrick is hit by Robert Thomas.
10:26 of 2nd period - Shot by Torey Krug.
10:26 of 2nd period - Stopped by Filip Gustavsson without a rebound.
10:27 of 2nd period - Trevor Moore wins face-off versus Josh Norris in OTTAWA Senators zone.
10:43 of 2nd period - Shot by Kieffer Bellows.
10:43 of 2nd period - Shot Blocked by Evan Bouchard.
10:51 of 2nd period - Shot by Kieffer Bellows.
10:51 of 2nd period - Deflect By Jesse Puljujarvi.
10:51 of 2nd period - Stopped by Filip Gustavsson without a rebound.
10:52 of 2nd period - John Tavares wins face-off versus Nolan Patrick in OTTAWA Senators zone.
11:24 of 2nd period - Shot by Zach Hyman.
11:24 of 2nd period - Shot Misses the Net.
11:26 of 2nd period - Shot by Cody Goloubef.
11:26 of 2nd period - Stopped by Filip Gustavsson with a rebound.
12:20 of 2nd period - Charlie McAvoy is hit by Jesse Puljujarvi and loses puck.
12:51 of 2nd period - Shot by Filip Chytil.
12:51 of 2nd period - Shot Misses the Net.
12:53 of 2nd period - Shot by Wyatt Kaiser.
12:53 of 2nd period - Stopped by Malcolm Subban without a rebound.
12:54 of 2nd period - Peyton Krebs wins face-off versus Taylor Hall in NEW YORK Rangers zone.
14:10 of 2nd period - Icing by Logan Couture.
14:11 of 2nd period - Nolan Patrick wins face-off versus Josh Norris in NEW YORK Rangers zone.
14:24 of 2nd period - Zach Hyman is hit by Adrian Kempe and loses puck.
14:28 of 2nd period - Icing by Cody Goloubef.
14:29 of 2nd period - John Tavares wins face-off versus Nolan Patrick in NEW YORK Rangers zone.
14:57 of 2nd period - Shot by Travis Sanheim.
14:57 of 2nd period - Stopped by Malcolm Subban without a rebound.
14:58 of 2nd period - Filip Chytil wins face-off versus Travis Konecny in NEW YORK Rangers zone.
15:13 of 2nd period - Shot by Barrett Hayton.
15:13 of 2nd period - Stopped by Malcolm Subban without a rebound.
15:14 of 2nd period - Josh Norris wins face-off versus Ty Dellandrea in NEW YORK Rangers zone.
15:40 of 2nd period - Martin Necas is hit by Ty Dellandrea and loses puck.
16:32 of 2nd period - Off-side.
16:33 of 2nd period - Nolan Patrick wins face-off versus Filip Chytil in neutral zone.
17:32 of 2nd period - John Tavares is hit by Zach Hyman and loses puck.
18:26 of 2nd period - Shot by Cale Makar.
18:26 of 2nd period - Stopped by Malcolm Subban without a rebound.
18:27 of 2nd period - Travis Konecny wins face-off versus Peyton Krebs in NEW YORK Rangers zone.
18:46 of 2nd period - Cale Makar is hit by Torey Krug.
19:00 of 2nd period - Shot by Peyton Krebs.
19:00 of 2nd period - Stopped by Malcolm Subban without a rebound.
19:01 of 2nd period - Josh Norris wins face-off versus Trevor Moore in NEW YORK Rangers zone.
Goals for this period are 0 for NEW YORK Rangers vs 1 for OTTAWA Senators.
Shots for this period are 9 for NEW YORK Rangers vs 9 for OTTAWA Senators.

3rd period


0:01 of 3rd period - John Tavares wins face-off versus Travis Konecny in neutral zone.
0:25 of 3rd period - Shot by John Tavares.
0:25 of 3rd period - Shot Blocked by Torey Krug.
0:58 of 3rd period - Minor Penalty to Barrett Hayton for Roughing.
0:58 of 3rd period - Minor Penalty to Travis Konecny for Tripping.
0:59 of 3rd period - Ty Dellandrea wins face-off versus John Tavares in neutral zone.
1:06 of 3rd period - Shot by Nolan Patrick.
1:06 of 3rd period - Deflect By Ty Dellandrea.
1:06 of 3rd period - Stopped by Filip Gustavsson with a rebound.
1:21 of 3rd period - Ty Dellandrea is hit by Charlie McAvoy and loses puck.
2:06 of 3rd period - Shot by Ryan Strome.
2:06 of 3rd period - Stopped by Filip Gustavsson without a rebound.
2:07 of 3rd period - Taylor Hall wins face-off versus Martin Necas in OTTAWA Senators zone.
2:18 of 3rd period - Shot by Ryan Strome.
2:18 of 3rd period - Shot Misses the Net.
2:20 of 3rd period - Shot by Jon Merrill.
2:20 of 3rd period - Shot Misses the Net.
2:46 of 3rd period - Shot by Martin Necas.
2:46 of 3rd period - Deflect By Steven Stamkos.
2:46 of 3rd period - Shot Misses the Net.
3:20 of 3rd period - Jesse Puljujarvi is hit by Wyatt Kaiser and loses puck.
3:23 of 3rd period - Shot by Trevor Moore.
3:23 of 3rd period - Stopped by Filip Gustavsson with a rebound.
3:25 of 3rd period - Shot by Trevor Moore.
3:25 of 3rd period - Shot Blocked by Evan Bouchard.
3:27 of 3rd period - Shot by Trevor Moore.
3:27 of 3rd period - Stopped by Filip Gustavsson without a rebound.
3:28 of 3rd period - Nolan Patrick wins face-off versus Peyton Krebs in OTTAWA Senators zone.
3:47 of 3rd period - Zach Hyman is hit by Antoine Roussel and loses puck.
4:02 of 3rd period - Shot by Peyton Krebs.
4:02 of 3rd period - Shot Blocked by Nolan Patrick.
4:57 of 3rd period - Shot by Tyler Ennis.
4:57 of 3rd period - Goal by Tyler Ennis - NEW YORK Rangers : 1 - OTTAWA Senators : 3.
4:58 of 3rd period - Travis Konecny wins face-off versus John Tavares in neutral zone.
6:08 of 3rd period - Off-side.
6:09 of 3rd period - Logan Couture wins face-off versus Theodor Niederbach in neutral zone.
6:18 of 3rd period - Icing by Antoine Roussel.
6:19 of 3rd period - Nolan Patrick wins face-off versus Peyton Krebs in OTTAWA Senators zone.
7:26 of 3rd period - Off-side.
7:27 of 3rd period - Ty Dellandrea wins face-off versus John Tavares in neutral zone.
7:27 of 3rd period - Ty Dellandrea is hit by Alex Tuch.
7:50 of 3rd period - Jon Merrill is hit by Cale Makar and loses puck.
8:14 of 3rd period - Icing by Alex Tuch.
8:15 of 3rd period - Travis Konecny wins face-off versus John Tavares in OTTAWA Senators zone.
8:22 of 3rd period - Shot by John Tavares.
8:22 of 3rd period - Shot Misses the Net.
8:33 of 3rd period - Ryan Strome is hit by Charlie McAvoy and loses puck.
9:05 of 3rd period - Icing by Jakob Chychrun.
9:06 of 3rd period - Taylor Hall wins face-off versus Filip Chytil in NEW YORK Rangers zone.
9:06 of 3rd period - Jakob Chychrun is hit by Barrett Hayton and loses puck.
9:11 of 3rd period - Shot by Wyatt Kaiser.
9:11 of 3rd period - Stopped by Malcolm Subban without a rebound.
9:12 of 3rd period - Nolan Patrick wins face-off versus Filip Chytil in NEW YORK Rangers zone.
10:08 of 3rd period - Evan Bouchard is hit by Logan Stanley and loses puck.
10:24 of 3rd period - Icing by Logan Stanley.
10:25 of 3rd period - Adrian Kempe wins face-off versus Nolan Patrick in NEW YORK Rangers zone.
10:42 of 3rd period - Adrian Kempe is hit by Logan Couture and loses puck.
11:04 of 3rd period - Icing by Cody Goloubef.
11:05 of 3rd period - Nolan Patrick wins face-off versus John Tavares in NEW YORK Rangers zone.
11:41 of 3rd period - Icing by Alex Tuch.
11:42 of 3rd period - Travis Konecny wins face-off versus John Tavares in OTTAWA Senators zone.
13:17 of 3rd period - Shot by John Moore.
13:17 of 3rd period - Stopped by Filip Gustavsson without a rebound.
13:18 of 3rd period - Filip Chytil wins face-off versus Vasili Podkolzin in OTTAWA Senators zone.
13:42 of 3rd period - Jon Merrill is hit by Wyatt Kaiser and loses puck.
14:38 of 3rd period - Minor Penalty to Cale Makar for Interference.
14:38 of 3rd period - Minor Penalty to Kieffer Bellows for Hooking.
14:39 of 3rd period - John Tavares wins face-off versus Taylor Hall in OTTAWA Senators zone.
14:58 of 3rd period - Shot by Taylor Hall.
14:58 of 3rd period - Stopped by Filip Gustavsson with a rebound.
15:00 of 3rd period - Shot by Logan Stanley.
15:00 of 3rd period - Stopped by Filip Gustavsson without a rebound.
15:01 of 3rd period - Taylor Hall wins face-off versus John Tavares in OTTAWA Senators zone.
15:18 of 3rd period - Shot by John Tavares.
15:18 of 3rd period - Deflect By Alex Tuch.
15:18 of 3rd period - Shot Misses the Net.
15:26 of 3rd period - Shot by Alex Tuch.
15:26 of 3rd period - Shot Misses the Net.
15:37 of 3rd period - Icing by Ryan Strome.
15:38 of 3rd period - Martin Necas wins face-off versus Taylor Hall in NEW YORK Rangers zone.
15:46 of 3rd period - Icing by Jakob Chychrun.
15:47 of 3rd period - John Tavares wins face-off versus Taylor Hall in NEW YORK Rangers zone.
16:14 of 3rd period - Shot by Alex Tuch.
16:14 of 3rd period - Goal by Alex Tuch - NEW YORK Rangers : 1 - OTTAWA Senators : 4.
16:15 of 3rd period - Travis Konecny wins face-off versus Martin Necas in neutral zone.
16:36 of 3rd period - Shot by Zach Hyman.
16:36 of 3rd period - Shot Misses the Net.
16:38 of 3rd period - Shot by Zach Hyman.
16:38 of 3rd period - Shot Misses the Net.
18:03 of 3rd period - Logan Couture is hit by Charlie McAvoy and loses puck.
18:22 of 3rd period - Torey Krug is hit by Antoine Roussel and loses puck.
18:54 of 3rd period - Shot by Tyler Ennis.
18:54 of 3rd period - Shot Misses the Net.
19:08 of 3rd period - Shot by Ryan Strome.
19:08 of 3rd period - Stopped by Filip Gustavsson without a rebound.
19:09 of 3rd period - Travis Konecny wins face-off versus Martin Necas in OTTAWA Senators zone.
19:22 of 3rd period - Cody Goloubef is hit by Josh Norris and loses puck.
19:33 of 3rd period - Shot by Adrian Kempe.
19:33 of 3rd period - Stopped by Malcolm Subban without a rebound.
19:34 of 3rd period - Nolan Patrick wins face-off versus Filip Chytil in NEW YORK Rangers zone.
Goals for this period are 1 for NEW YORK Rangers vs 1 for OTTAWA Senators.
Shots for this period are 9 for NEW YORK Rangers vs 3 for OTTAWA Senators.